 Dungeon Crawl Stone Soup version 0.23.2-40-g277498a001 (webtiles) character file.

Game seed: 17192500261144448503

22680 Exodus22XD the Thaumaturge (level 12, -2/59 HPs)
             Began as a Deep Elf Wizard on Sept 21, 2019.
             Was an Elder of Vehumet.
             Slain by an eight-headed hydra (3 damage)
             ... while petrified by a basilisk
             ... on level 6 of the Lair of Beasts.
             The game lasted 01:25:12 (18499 turns).

Exodus22XD the Thaumaturge (Deep Elf Wizard)       Turns: 18499, Time: 01:25:13

Health: -2/59      AC:  9    Str:  4    XL:     12   Next: 65%
Magic:  40/40      EV:  2    Int: 29    God:    Vehumet [****..]
Gold:   586        SH:  0    Dex: 13    Spells: 22/37 levels left

rFire    + . .     SeeInvis +   A - staff of conjuration
rCold    . . .     Gourm    .   (no shield)
rNeg     + + +     Faith    .   j - +0 robe {rN+}
rPois    ∞         Spirit   .   I - +2 helmet {SInv}
rElec    .         Reflect  .   S - +0 cloak
rCorr    .         Harm     +   D - +0 pair of gloves
MR       +....                  L - +1 pair of boots
Stlth    ++++......             x - amulet of harm
HPRegen  0.19/turn              Y - ring of magical power
MPRegen  0.27/turn              q - ring of protection from fire

@: petrified
A: no striking features
a: Renounce Religion


You were on level 6 of the Lair of Beasts.
You worshipped Vehumet.
Vehumet was greatly pleased with you.
You were very hungry.

You visited 3 branches of the dungeon, and saw 17 of its levels.

You collected 887 gold pieces.
You spent 301 gold pieces at shops.

Inventory:

Armour
 j - a +0 robe of positive energy (worn)
 D - a +0 pair of gloves (worn)
 I - a +2 helmet of see invisible (worn)
 L - a +1 pair of boots (worn)
 S - a +0 cloak (worn)
Magical Staves
 A - an uncursed staff of conjuration (weapon)
 W - an uncursed staff of death
Jewellery
 h - an uncursed ring of fire
 q - a ring of protection from fire (right hand)
 x - an amulet of harm (around neck)
 G - a +4 ring of evasion
 Q - an uncursed ring of magical power
 V - an uncursed ring of wizardry
 Y - a ring of magical power (left hand)
Wands
 a - a wand of random effects (43)
 f - a wand of acid (13)
 y - a wand of digging (5)
 F - a wand of polymorph (8)
 J - a wand of clouds (7)
 K - a wand of enslavement (5)
 N - a wand of paralysis (10)
Scrolls
 b - 2 scrolls of fog
 c - 4 scrolls of remove curse
 g - 2 scrolls of amnesia
 i - a scroll of noise {unknown}
 o - 7 scrolls of teleportation
 p - 2 scrolls of immolation
 s - a scroll of enchant weapon
 z - 3 scrolls of magic mapping
 B - 6 scrolls of fear
 C - a scroll of summoning
 M - a scroll of blinking {unknown}
 O - a scroll of enchant armour {unknown}
 P - a scroll of silence {unknown}
 U - a scroll of random uselessness {unknown}
Potions
 e - 3 potions of flight
 k - 5 potions of mutation
 l - 4 potions of agility
 m - a potion of might {unknown}
 n - 2 potions of lignification
 r - 3 potions of heal wounds
 t - 3 potions of degeneration {unknown}
 u - a potion of invisibility
 v - 5 potions of brilliance
 w - 4 potions of haste
 E - a potion of magic {unknown}
 H - 2 potions of curing
 R - 2 potions of ambrosia {unknown}
 T - a potion of berserk rage {unknown}
Comestibles
 d - 32 rations


   Skills:
 * Level 7.0 Dodging
 - Level 9.0 Stealth
 - Level 13.0 Spellcasting
 - Level 12.2 Conjurations
 - Level 4.5 Summonings
 - Level 1.1 Translocations
 - Level 9.0 Air Magic
 - Level 9.0 Evocations


You had 22 spell levels left.
You knew the following spells:

 Your Spells              Type           Power        Failure   Level  Hunger
a - Magic Dart            Conj           ####         0%          1    None
b - Call Imp              Summ           #####...     1%          2    None
c - Blink                 Tloc           N/A          2%          2    None
d - Conjure Flame         Conj/Fire      ######..     1%          3    None
e - Mephitic Cloud        Conj/Pois/Air  ######..     1%          3    None
f - Airstrike             Air            ######....   1%          4    None

Your spell library contained the following spells:

 Spells                   Type           Power        Failure   Level  Hunger
 Iskenderun's Mystic Bla  Conj           #######.     1%          4    None
 Apportation              Tloc           ####..       1%          1    None
 Sandblast                Erth           ###...       1%          1    None
 Sting                    Conj/Pois      ####         1%          1    None
 Summon Butterflies       Summ           #####...     1%          1    None
 Summon Small Mammal      Summ           ####         1%          1    None
 Poisonous Vapours        Pois/Air       #####.       1%          2    None
 Venom Bolt               Conj/Pois      ######....   1%          5    ##.....
 Conjure Ball Lightning   Conj/Air       #######...   1%          6    ####...
 Animate Skeleton         Necr           N/A          2%          1    None
 Confusing Touch          Hex            ###...       2%          1    None
 Corona                   Hex            ###....      2%          1    None
 Recall                   Summ/Tloc      N/A          2%          3    None
 Slow                     Hex            ###.....     4%          2    None
 Gell's Gravitas          Tloc           ####......   5%          3    None
 Olgreb's Toxic Radiance  Pois           ###.....     7%          4    None
 Confuse                  Hex            ###.....     9%          3    None
 Tukima's Dance           Hex            ###.....     9%          3    None
 Yara's Violent Unravell  Hex/Tmut       ###.......   19%         5    ##.....
 Leda's Liquefaction      Hex/Erth       ###.......   26%         4    None
 Petrify                  Tmut/Erth      ###.....     26%         4    None
 Metabolic Englaciation   Hex/Ice        ###.......   58%         5    ##.....
 Dragon's Call            Summ           #####.....   100%        9    #######


Dungeon Overview and Level Annotations

Branches:
Dungeon (10/15)            Temple (1/1) D:5            Lair (6/6) D:10
  Swamp (0/4) Lair:4        Snake (0/4) Lair:4        Slime (0/5) Lair:5
    Orc: D:9-12

Altars:
Ashenzari
Dithmenos
Fedhas
Kikubaaqudgha
Qazlal
Uskayaw
Vehumet
Xom
Yredelemnul
Zin
The Shining One
Jiyva

Shops:
D:4 %   D:8 *

Annotations:
D:6 1 runed translucent door
D:9 2 runed translucent doors
Lair:3 exclusion: oklob plant, Gastronok


Message History

The basilisk gazes at you.
You easily resist.
The eight-headed hydra barely misses you.
The eight-headed hydra bites you! The eight-headed hydra bites you. x2
The eight-headed hydra bites you but does no damage.
The eight-headed hydra bites you!
* * * LOW HITPOINT WARNING * * *
The eight-headed hydra bites you but does no damage.
The eight-headed hydra bites you.
The basilisk bites you but does no damage.
The eight-headed hydra barely misses you. x2
The eight-headed hydra bites you.
* * * LOW HITPOINT WARNING * * *
The eight-headed hydra bites you but does no damage. x4
The eight-headed hydra bites you!
* * * LOW HITPOINT WARNING * * *
The basilisk bites you!
* * * LOW HITPOINT WARNING * * *
The eight-headed hydra bites you.
You die...

.....##.###
....P#...P#
P.........#
.......%..### #
.....P......# .##
.....%......# P.P.
...........P##PP...
≈.P...........P....
..P........@D..P...
.P.P........l......
≈..PP............#.
≈.PPP.....###...##
≈........P. .....
............ ......
≈............ ...#.
........P... ...#


You could see an eight-headed hydra and a basilisk.

Vanquished Creatures
  Kirke (Lair:5)
  A hydra (Lair:1)
  2 two-headed ogres (D:8)
  Pikel (D:8)
  3 oklob plants (Lair:1)
  2 black mambas
  A torpor snail (Lair:4)
  8 spiny frogs
  A yaktaur (shapeshifter) (D:9)
  2 rime drakes
  2 komodo dragons
  A troll (D:9)
  A queen bee (Lair:2)
  3 polar bears
  3 blink frogs (Lair:5)
  6 hippogriffs
  3 wyverns
  2 basilisks
  3 fire bats (Lair:5)
  A human (Lair:5)
  3 hogs (Lair:5)
  15 yaks
  5 insubstantial wisps (Lair:4)
  Edmund (D:6)
  6 porcupines
  8 water moccasins
  Duvessa (D:7)
  An orc warrior (D:7)
  4 ice beasts
  A slave (D:8)
  5 black bears
  3 phantoms (D:8)
  3 centaurs
  5 ogres
  3 crocodiles
  A gnoll sergeant (D:10)
  8 bullfrogs
  A water moccasin zombie (D:10)
  A scorpion (D:8)
  15 killer bees
  2 howler monkeys
  5 crimson imps
  A jelly (D:9)
  A quasit (D:10)
  3 hounds
  6 orc priests
  10 orc wizards
  A centaur skeleton (D:4)
  Terence (D:2)
  8 iguanas
  8 worker ants
  2 worker ant zombies
  18 gnolls
  12 adders
  A shadow imp (D:5)
  An ooze (D:2)
  3 worms
  2 dart slugs
  6 leopard geckos
  27 orcs
  6 bats
  6 giant cockroaches
  2 goblins
  9 hobgoblins
  7 jackals
  8 quokkas
  3 frilled lizards
  2 goblin skeletons (D:4)
  A goblin zombie (D:4)
  2 hobgoblin zombies (D:4)
  A jackal skeleton (D:6)
  2 kobolds
  A kobold skeleton (D:4)
  A kobold zombie (D:4)
  A leopard gecko skeleton (D:3)
  2 orc skeletons (D:4)
  A quokka zombie (D:9)
  6 rats
  A plant (D:10)
317 creatures vanquished.

Vanquished Creatures (collateral kills)
  Dowan (D:7)
  4 killer bees (Lair:2)
  A goblin skeleton (D:4)
6 creatures vanquished.

Vanquished Creatures (others)
  3 slaves (D:8)
  An ogre (D:8)
  3 fungi
  A plant (Lair:1)
8 creatures vanquished.

Grand Total: 331 creatures vanquished

Notes
Turn   | Place    | Note
-------+----------+-------------------------------------------
     0 | D:1      | Exodus22XD the Deep Elf Wizard began the quest for the Orb.
     0 | D:1      | Reached XP level 1. HP: 10/10 MP: 7/7
   915 | D:1      | Reached XP level 2. HP: 15/15 MP: 2/9
  1421 | D:2      | Reached XP level 3. HP: 13/19 MP: 5/10
  1734 | D:2      | Found a shadowy altar of Dithmenos.
  1934 | D:2      | Reached XP level 4. HP: 24/24 MP: 9/12
  1938 | D:2      | Learned a level 2 spell: Call Imp
  1941 | D:2      | Learned a level 2 spell: Blink
  1945 | D:2      | Learned a level 3 spell: Conjure Flame
  1949 | D:2      | Learned a level 3 spell: Mephitic Cloud
  2229 | D:2      | Noticed Terence
  2246 | D:2      | Killed Terence
  2246 | D:2      | Reached XP level 5. HP: 28/28 MP: 2/13
  3237 | D:4      | Found Guorag's Food Shoppe.
  3440 | D:4      | Reached skill level 5 in Spellcasting
  3457 | D:4      | Reached XP level 6. HP: 32/32 MP: 8/15
  3757 | D:4      | Reached skill level 6 in Spellcasting
  4021 | D:4      | Found a shimmering altar of Xom.
  4030 | D:4      | Reached skill level 7 in Spellcasting
  4033 | D:4      | Found a blossoming altar of Fedhas.
  4036 | D:4      | Found a shadowy altar of Dithmenos.
  4039 | D:4      | Found a glowing silver altar of Zin.
  4298 | D:4      | Found a glowing golden altar of the Shining One.
  4306 | D:4      | Reached XP level 7. HP: 32/36 MP: 1/20
  4577 | D:5      | Entered Level 5 of the Dungeon
  4583 | D:5      | Reached skill level 8 in Spellcasting
  4711 | D:5      | Reached skill level 9 in Spellcasting
  5332 | D:5      | Found a staircase to the Ecumenical Temple.
  5339 | Temple   | Entered the Ecumenical Temple
  5355 | Temple   | Became a worshipper of Vehumet
  5437 | D:5      | Reached XP level 8. HP: 37/41 MP: 16/23
  5858 | D:6      | Identified the Compendium of Fetching Flight
  5872 | D:6      | Learned a level 4 spell: Airstrike
  5903 | D:6      | Found a runed translucent door.
  5926 | D:6      | Reached skill level 5 in Stealth
  5997 | D:6      | Reached skill level 5 in Dodging
  5999 | D:6      | Found a basalt altar of Yredelemnul.
  6042 | D:6      | Noticed Edmund
  6054 | D:6      | Killed Edmund
  6237 | D:6      | Reached skill level 1 in Air Magic
  6946 | D:7      | Reached * piety under Vehumet
  6946 | D:7      | Offered knowledge of Sting by Vehumet.
  6970 | D:7      | Reached skill level 5 in Air Magic
  6978 | D:7      | Noticed Dowan
  6986 | D:7      | Noticed Duvessa
  7005 | D:7      | Killed Dowan
  7005 | D:7      | Reached XP level 9. HP: 21/45 MP: 1/24
  7490 | D:7      | Found Cobajisch's Assorted Antiques.
  7510 | D:7      | Killed Duvessa
  7922 | D:8      | Noticed Pikel
  7938 | D:8      | Killed Pikel
  8018 | D:8      | Noticed a two-headed ogre
  8406 | D:8      | Noticed a two-headed ogre
  8412 | D:8      | Reached skill level 1 in Evocations
  8416 | D:8      | Killed a two-headed ogre
  8416 | D:8      | Reached XP level 10. HP: 50/50 MP: 6/25
  8552 | D:8      | Offered knowledge of Throw Frost by Vehumet.
  8555 | D:8      | Reached ** piety under Vehumet
  8606 | D:8      | Reached skill level 5 in Evocations
  8774 | D:8      | Killed a two-headed ogre
  8936 | D:8      | Reached skill level 10 in Spellcasting
  9071 | D:8      | Found Qaustrod's General Store.
  9079 | D:8      | Bought a +2 helmet of see invisible for 301 gold pieces
  9654 | D:9      | Noticed a cyclops
  9702 | D:9      | Found a large runed translucent door.
  9703 | D:9      | Found a large runed translucent door.
  9717 | D:9      | Reached skill level 11 in Spellcasting
  9988 | D:9      | Noticed a stone giant
 10056 | D:9      | Identified the Reference Book on the Supportive Mountains
 10281 | D:10     | Entered Level 10 of the Dungeon
 10427 | D:10     | Offered knowledge of Static Discharge by Vehumet.
 10639 | D:10     | Reached skill level 12 in Spellcasting
 10784 | D:10     | Found a staircase to the Lair.
 10817 | D:10     | Reached *** piety under Vehumet
 10985 | D:10     | Reached skill level 5 in Conjurations
 11820 | Lair:1   | Entered Level 1 of the Lair of Beasts
 11902 | Lair:1   | Noticed an oklob plant
 12105 | Lair:1   | Reached XP level 11. HP: 54/54 MP: 15/29
 12163 | Lair:1   | Offered knowledge of Ignite Poison by Vehumet.
 12463 | Lair:1   | Noticed an eight-headed hydra
 12509 | Lair:1   | Killed an eight-headed hydra
 12797 | Lair:1   | Noticed an oklob plant
 12938 | Lair:1   | Killed an oklob plant
 12999 | Lair:1   | Noticed an oklob plant
 13246 | Lair:1   | Killed an oklob plant
 13356 | Lair:1   | Killed an oklob plant
 13407 | Lair:2   | Reached skill level 10 in Conjurations
 14470 | Lair:3   | Noticed an oklob plant
 14650 | Lair:3   | Noticed Gastronok
 14953 | Lair:3   | Reached **** piety under Vehumet
 15105 | Lair:4   | Found a staircase to the Snake Pit.
 15352 | Lair:4   | Reached XP level 12. HP: 59/59 MP: 30/30
 15471 | Lair:4   | Found a staircase to the Swamp.
 15516 | Lair:4   | Reached skill level 13 in Spellcasting
 15517 | Lair:4   | Offered knowledge of Iskenderun's Mystic Blast by Vehumet.
 16352 | Lair:5   | Noticed Kirke
 17610 | Lair:5   | Found a viscous altar of Jiyva.
 17611 | Lair:5   | Found a staircase to the Slime Pits.
 17788 | Lair:5   | Killed Kirke
 18195 | Lair:6   | Entered Level 6 of the Lair of Beasts
 18324 | Lair:6   | Noticed an eight-headed hydra
 18499 | Lair:6   | HP: 1/59 [basilisk (8)]
 18499 | Lair:6   | Slain by an eight-headed hydra

Skill      XL: |  1  2  3  4  5  6  7  8  9 10 11 12 |
---------------+-------------------------------------+-----
Conjurations   | 2 3 4 7 12 | 12.2
Summonings     | 3 4 |  4.5
Spellcasting   | 5 7 9 12 13 | 13.0
Dodging        | 4 5 7 |  7.0
Stealth        | 4 5 9 |  9.0
Air Magic      | 5 9 |  9.0
Evocations     | 4 6 9 |  9.0
Translocations | |  1.1

Action                   |  1- 3 |  4- 6 |  7- 9 | 10-12 || total
-------------------------+-------+-------+-------+-------++-------
Melee: Dagger            |       |    13 |       |       ||    13
       Staff             |       |       |     3 |    11 ||    14
 Cast: Magic Dart        |    71 |   161 |   241 |   159 ||   632
       Conjure Flame     |       |     8 |    24 |    31 ||    63
       Mephitic Cloud    |       |     5 |    22 |    23 ||    50
       Call Imp          |       |     2 |     5 |       ||     7
       Blink             |       |       |     5 |     3 ||     8
       Airstrike         |       |       |     5 |   263 ||   268
Evoke: Wand              |       |       |     2 |     2 ||     4
  Use: Scroll            |       |     5 |     5 |     8 ||    18
       Potion            |       |     1 |     3 |     2 ||     6
  Eat: Chunk             |     3 |     6 |    14 |    15 ||    38
       Ration            |       |       |       |     4 ||     4
Armor: Robe              |     1 |     8 |     7 |    20 ||    36
Dodge: Dodged            |     9 |    53 |    46 |    51 ||   159
